 Dungeon Crawl Stone Soup version 0.31-a0-489-g282fc92437 (console) character file.

Game seed: 15834726923725527098

88 Lexodia the Trooper (level 4, -4/46 HPs)
             Began as an Ogre Warper on Aug 8, 2023.
             Slain by Natasha (9 damage)
             ... on level 2 of the Dungeon.
             The game lasted 00:02:49 (1375 turns).

Lexodia the Trooper (Ogre Warper)                   Turns: 1375, Time: 00:02:50

Health: -4/46      AC:  3    Str: 15    XL:     4   Next: 54%
Magic:  8/8        EV:  9    Int: 16    God:
Gold:   92         SH:  0    Dex:  8    Spells: 7/9 levels left

rFire   + . .        o - +5 dagger {pain, Fragile rN+++ Will+ rCorr}
rCold   + . .        (no shield)
rNeg    + + +        b - +0 robe
rPois   +            (helmet restricted)
rElec   +            (no cloak)
rCorr   +            (gloves unavailable)
SInv    .            (boots unavailable)
Will    +....        h - amulet of faith
Stlth   +            m - ring of positive energy
HPRegen 0.27/turn    (no ring)
MPRegen 0.11/turn

%: faith
@: resistant
A: large, unfitting armour, tough skin 1
a: no special abilities


You were on level 2 of the Dungeon.
You visited 1 branch of the dungeon, and saw 2 of its levels.

You collected 92 gold pieces.

Inventory:

Hand Weapons
 a - a +0 mace
 e - a +0 sling
 j - a +0 whip
 o - the +5 dagger of the Conjuring Pill Bug (weapon) {pain, Fragile rN+++ Will+ rCorr}
   (You found it on level 2 of the Dungeon)

   rN:        It renders you almost immune to negative energy.
   rCorr:     It protects you from acid and corrosion.
   Fragile:   It will be destroyed if unequipped.
   Will:      It increases your willpower.
Missiles
 d - 7 darts of dispersal (quivered)
Armour
 b - a +0 robe (worn)
Jewellery
 h - an amulet of faith (around neck)
 m - a ring of positive energy (left hand)
Scrolls
 c - a scroll of blinking
 f - a scroll of torment {unknown}
 g - a scroll of fog {unknown}
 k - 3 scrolls of identify {unknown}
 l - a scroll of poison {unknown}


   Skills:
 + Level 3.6 Fighting
 * Level 3.0 Maces & Flails
 - Level 1.0 Throwing
 - Level 2.1 Dodging
 + Level 3.1 Spellcasting
 + Level 3.2 Translocations


You had 7 spell levels left.
You knew the following spells:

 Your Spells              Type           Power      Damage    Failure   Level
a - Blink                 Tloc           24%        N/A       8%          2

Your spell library contained the following spells:

 Spells                   Type           Power      Damage    Failure   Level
 Lesser Beckoning         Tloc           24%        N/A       8%          2
 Teleport Other           Tloc           12%        N/A       14%         3
 Vhi's Electric Charge    Tloc/Air       14%        N/A       28%         3
 Manifold Assault         Tloc           12%        N/A       43%         4
 Animate Dead             Necr           2%         N/A       88%         4
 Haunt                    Necr/Summ      1%         N/A       100%        7
 Infestation              Necr           1%         N/A       100%        8


Dungeon Overview and Level Annotations

Branches:
Dungeon (2/15)

Altars:

Annotations:
D:2 Natasha


Innate Abilities, Weirdness & Mutations

You are too large for most types of armour.
You have tough skin. (AC +1)


Message History

You closely miss Natasha.
Natasha is moderately wounded.
The cerulean imp hits you from afar with a +0 spear.
Natasha casts a spell at you. The magic dart hits you.
Damage: -13%(-6hp) hp: 55%(25hp)
You barely miss Natasha.
Natasha is moderately wounded.
The hobgoblin hits you but does no damage.
The cerulean imp hits you from afar with a +0 spear.
Natasha claws you!
Huge Dmg: -22%(-10hp) hp: 33%(15hp)
The hobgoblin attacks as you move away! The hobgoblin barely misses you.
Natasha attacks as you move away! Natasha closely misses you.
You barely miss the hobgoblin. The hobgoblin misses you. Natasha claws you.
* * * LOW HITPOINT WARNING * * *
The cerulean imp barely misses you.
Damage: -4%(-2hp) hp: 29%(13hp) Unknown command.
Unknown command.
You hit Natasha.
Natasha is severely wounded.
The hobgoblin hits you.
* * * LOW HITPOINT WARNING * * *
Natasha casts a spell.
The cerulean imp barely misses you.
Huge Dmg: -7%(-3hp) hp: 22%(10hp)
You closely miss Natasha.
Natasha is severely wounded.
The cerulean imp disappears in a puff of smoke!
The hobgoblin hits you.
* * * LOW HITPOINT WARNING * * *
Natasha barely misses you. The cerulean imp closely misses you.
Damage: -2%(-1hp) hp: 20%(9hp)
You hit Natasha.
Natasha is almost dead.
The hobgoblin hits you.
* * * LOW HITPOINT WARNING * * *
Natasha claws you!
You die...

. . ##......... .
####..........
#............
#..........#
#..........#
#..?.......#
#...5......#
#....g@....# #
#.###h###### #. #ยง# #
#.. #.#######
###....########........
.##...........#........
..............'........
...>.....?..55#........
..............###......


You could see Natasha, a cerulean imp (summoned) and a hobgoblin.

Vanquished Creatures
  Natasha (twice) (D:2)
  8 bats
  A bat skeleton (D:2)
  An endoplasm (D:2)
  2 giant cockroaches
  3 goblins (D:1)
  A hobgoblin (D:1)
  4 jackals (D:2)
  2 ball pythons (D:1)
  3 ball python zombies (D:2)
  A frilled lizard (D:1)
  A giant cockroach zombie (D:2)
  4 kobolds
  3 rats (D:1)
  A spectral ball python (D:2)
37 creatures vanquished.

Notes
Turn   | Place    | Note
-------+----------+-------------------------------------------
     0 | D:1      | Lexodia the Ogre Warper began the quest for the Orb.
     0 | D:1      | Reached XP level 1. HP: 22/22 MP: 3/3
    64 | D:1      | Huge Dmg: 4 dmg
    70 | D:1      | Huge Dmg: 4 dmg
   267 | D:1      | Reached XP level 2. HP: 27/29 MP: 5/5
   270 | D:1      | Learned a level 2 spell: Blink
   667 | D:1      | Found a faded altar of an unknown god.
   756 | D:2      | Reached XP level 3. HP: 32/37 MP: 7/7
   982 | D:2      | Noticed Natasha
  1011 | D:2      | Killed Natasha
  1012 | D:2      | Reached XP level 4. HP: 26/45 MP: 8/8
  1107 | D:2      | Identified the +5 dagger of the Conjuring Pill Bug {pain,
                  | Fragile rN+++ Will+ rCorr}
  1119 | D:2      | Noticed Natasha
  1124 | D:2      | Huge Dmg: 10 dmg
  1126 | D:2      | Huge Dmg: 11 dmg
  1128 | D:2      | Killed Natasha
  1345 | D:2      | Noticed Natasha
  1352 | D:2      | Huge Dmg: 8 dmg
  1356 | D:2      | Huge Dmg: 11 dmg
  1371 | D:2      | Huge Dmg: 10 dmg
  1374 | D:2      | Huge Dmg: 3 dmg
  1375 | D:2      | Slain by Natasha

Illustrated notes

Levels and vault maps discovered:
D:1:      dpeg_arrival_houses_and_road, layout_basic,
          chequers_ecumenical_altar_simple_redux
D:2:      layout_basic, basic_altar, dilly_guarded_unrand_morg

Skill      XL: |  1  2  3  4 |
---------------+-------------+-----
Maces & Flails | 2 3 |  3.0
Fighting       | 3 |  3.6
Translocations | 3 |  3.2
Spellcasting   | 3 |  3.1
Throwing       | |  1.0
Dodging        | |  2.1

Action                     |  1- 3 |  4- 6 || total
---------------------------+-------+-------++-------
  Melee: Mace              |    58 |       ||    58
         Whip              |    68 |    12 ||    80
         Punch             |     1 |       ||     1
         Dagger            |       |    22 ||    22
   Cast: Blink             |       |     1 ||     1
    Use: Potion            |       |     2 ||     2
   Stab: Sleeping          |     1 |       ||     1
 Armour: Robe              |    73 |    10 ||    83
  Dodge: Dodged            |    97 |    25 ||   122

Table legend: (Time is in decaauts)
 A = Elapsed time spent in this place.
 B = Non-inter-level travel time spent in this place.
 C = Inter-level travel time spent in this place.
 D = Time resting spent in this place.
 E = Time spent auto-exploring this place.
 F = Levels seen in this place.
 G = Mean time per level.
                   A        B        C        D        E       F      G
               +--------+--------+--------+--------+--------+-----+--------+
         Total |   1389 |   1362 |     27 |      0 |   1023 |   2 |  694.5 |
       Dungeon |   1389 |   1362 |     27 |      0 |   1023 |   2 |  694.5 |
               +--------+--------+--------+--------+--------+-----+--------+

Top non-repeatable levels by time:
     D:1: 763 daAuts
     D:2: 625 daAuts
